 Dungeon Crawl Stone Soup version 0.20.1-1-g8b1a95d (webtiles) character file.

365 PossumBlood the Skirmisher (level 6, 0/58 HPs)
             Began as a Minotaur Fighter on Oct 21, 2017.
             Succumbed to a worker ant's poison
             ... on level 5 of the Dungeon.
             The game lasted 00:03:40 (1818 turns).

PossumBlood the Skirmisher (Minotaur Fighter)       Turns: 1818, Time: 00:03:40

Health: 0/58       AC:  9    Str: 22    XL:     6   Next: 40%
Magic:  5/5        EV:  7    Int:  5    God:
Gold:   144        SH:  9    Dex: 10    Spells: 5/5 levels left

rFire    . . .     SeeInvis .   a - +0 war axe
rCold    . . .     Gourm    .   c - +0 shield
rNeg     . . .     Faith    .   b - +1 scale mail
rPois    .         Spirit   .   (helmet restricted)
rElec    .         Reflect  .   (no cloak)
rCorr    .         Harm     .   (no gloves)
MR       .....                  g - +0 pair of boots
Stlth    ..........             (no amulet)
Regen    0.2/turn               (no ring)
MPRegen  0.1/turn               (no ring)

@: lethally poisoned (0 -> -13)
A: retaliatory headbutt, horns 2
a: no special abilities


You were on level 5 of the Dungeon.
You were not hungry.

You visited 1 branch of the dungeon, and saw 4 of its levels.

You collected 144 gold pieces.

Inventory:

Hand Weapons
 a - a +0 war axe (weapon)
Armour
 b - a +1 scale mail (worn)
 c - a +0 shield (worn)
 g - a +0 pair of boots (worn)
Scrolls
 e - 2 scrolls of remove curse
 h - a scroll of blinking
 k - a scroll of identify
 m - a scroll of fear
 n - a scroll of enchant armour
Potions
 d - a potion of might
 i - a potion of resistance {unknown}
 j - 2 potions of curing {unknown}
Comestibles
 f - 3 bread rations
 l - a meat ration


   Skills:
 + Level 6.7 Fighting
 + Level 6.0 Axes
 - Level 3.6 Armour
 - Level 3.6 Shields


You had 5 spell levels left.
You didn't know any spells.

Dungeon Overview and Level Annotations

Branches:
Dungeon (3/15)             Temple (0/1) D:5

Altars:


Innate Abilities, Weirdness & Mutations

You reflexively headbutt those who attack you in melee.
You have a pair of horns on your head.


Message History

* * * LOW HITPOINT WARNING * * *
You are poisoned.
The worker ant poisons you! The worker ant bites you.
* * * LOW HITPOINT WARNING * * *
You are lethally poisoned!
The worker ant poisons you!
You hit the worker ant.
The worker ant is moderately wounded.
* * * LOW HITPOINT WARNING * * *
You feel sick. You block the worker ant's attack.
You closely miss the worker ant.
You headbutt the worker ant, but do no damage.
The worker ant is moderately wounded.
* * * LOW HITPOINT WARNING * * *
You feel sick. The worker ant bites you.
* * * LOW HITPOINT WARNING * * *
You block the worker ant's attack.
Your shield prevents you from hitting the worker ant.
The worker ant is moderately wounded.
You die...

.### #....#...#.
....##....#.⌠.#..
#......###...###.
##................
.........⌠..>..⌠..
#..................
#......)###...###..
#.#.###)(.#.⌠.#....
##.@†#...#....
#...a........
#.###..#..###
##.#.........#
#.......####.#
#.....<.'....#
#.......####.#
#.......# #.......#


You could see a worker ant.

Vanquished Creatures
  2 centaurs (D:5)
  The ghost of Dwachs the Conjurer, a weakling DECj (D:3)
  A hound (D:5)
  An orc priest (D:3)
  4 adders
  4 dart slugs (D:1)
  4 leopard geckos
  5 orcs (D:3)
  3 giant cockroaches
  6 hobgoblins
  3 jackals (D:2)
  A quokka (D:3)
  9 bats
  5 frilled lizards
  10 goblins
  5 kobolds
  5 rats
69 creatures vanquished.

Notes
Turn   | Place    | Note
-------+----------+-------------------------------------------
     0 | D:1      | PossumBlood the Minotaur Fighter began the quest for the Orb.
     0 | D:1      | Reached XP level 1. HP: 19/19 MP: 0/0
    86 | D:1      | Reached XP level 2. HP: 22/27 MP: 1/1
   500 | D:1      | Reached XP level 3. HP: 32/34 MP: 2/2
   861 | D:2      | Reached XP level 4. HP: 39/41 MP: 3/3
  1184 | D:2      | Reached skill level 5 in Fighting
  1346 | D:3      | Noticed Dwachs's ghost (weakling DECj)
  1354 | D:3      | Killed Dwachs's ghost
  1370 | D:3      | Reached XP level 5. HP: 27/49 MP: 4/4
  1398 | D:3      | Reached skill level 5 in Axes
  1774 | D:3      | You fall through a shaft for 2 floors!
  1774 | D:5      | Entered Level 5 of the Dungeon
  1790 | D:5      | Found a staircase to the Ecumenical Temple.
  1796 | D:5      | Noticed a centaur
  1797 | D:5      | Noticed a centaur
  1804 | D:5      | Killed a centaur
  1804 | D:5      | Reached XP level 6. HP: 28/58 MP: 5/5
  1817 | D:5      | HP: 1/58 [worker ant (5)]
  1818 | D:5      | Succumbed to a worker ant's poison

Skill      XL: |  1  2  3  4  5  6 |
---------------+-------------------+-----
Fighting       | 4 5 6 |  6.7
Axes           | 3 4 5 6 |  6.0
Armour         | |  3.6
Shields        | |  3.6

Action                   |  1- 3 |  4- 6 || total
-------------------------+-------+-------++-------
Melee: War axe           |    88 |    75 ||   163
       Headbutt          |    11 |    13 ||    24
  Use: Scroll            |     5 |     1 ||     6
  Eat: Bread ration      |       |     1 ||     1
Armor: Scale mail        |    42 |    36 ||    78
Dodge: Dodged            |    31 |    15 ||    46
Block: Shield            |    53 |    36 ||    89
